 Dungeon Crawl Stone Soup version 0.24-a0-312-g16217b4 (webtiles) character file.

Game seed: 2258208409416794403

548 mhoghedin the Cutter (level 7, -3/52 HPs)
             Began as a Mummy Fighter on May 15, 2019.
             Killed from afar by Dowan (15 damage)
             ... with a shard of ice
             ... on level 4 of the Dungeon.
             The game lasted 00:03:38 (2841 turns).

mhoghedin the Cutter (Mummy Fighter)                Turns: 2841, Time: 00:03:39

Health: -3/52      AC:  6    Str: 21    XL:     7   Next: 7%
Magic:  7/7        EV:  7    Int:  7    God:
Gold:   261        SH:  9    Dex: 12    Spells: 6/6 levels left

rFire    x . .     SeeInvis .   l - +2 dagger (elec)
rCold    + . .     Gourm    .   c - +0 shield
rNeg     + + +     Faith    .   b - +0 scale mail
rPois    ∞         Spirit   .   (no helmet)
rElec    .         Reflect  .   (no cloak)
rCorr    +         Harm     .   (no gloves)
MR       .....                  (no boots)
Stlth    ..........             (no amulet)
HPRegen  0.17/turn              i - ring of resist corrosion
MPRegen  0.10/turn              (no ring)

@: no status effects
A: no food or potions, fire vulnerability, cold resistance 1, negative energy
resistance 3, torment resistance, unbreathing
a: no special abilities


You were on level 4 of the Dungeon.
You were not hungry.

You visited 1 branch of the dungeon, and saw 4 of its levels.

You collected 261 gold pieces.

Inventory:

Hand Weapons
 a - a +0 rapier
 l - a +2 dagger of electrocution (weapon)
   (You took it off a goblin on level 2 of the Dungeon)
Missiles
 o - 19 poisoned darts (quivered)
Armour
 b - a +0 scale mail (worn)
 c - a +0 shield (worn)
 n - a +2 robe of magic resistance
   (You took it off Sigmund on level 2 of the Dungeon)
Jewellery
 h - an uncursed ring of fire {unknown}
   (You found it on level 3 of the Dungeon)
 i - a ring of resist corrosion (left hand)
   (You found it on level 1 of the Dungeon)
Wands
 k - a wand of random effects (11)
   (You found it on level 3 of the Dungeon)
Scrolls
 d - a scroll of enchant weapon
 e - 4 scrolls of enchant armour
 f - a scroll of teleportation
 g - 3 scrolls of remove curse
 j - a scroll of identify
 m - a scroll of fear {unknown}
 p - 2 scrolls of blinking {!r}
 q - a scroll of amnesia {unknown}


   Skills:
 - Level 3.0 Fighting
 + Level 6.5 Short Blades
 - Level 2.4 Armour
 - Level 2.4 Shields


You had 6 spell levels left.
You didn't know any spells.
Your spell library contained the following spells:

 Spells                   Type           Power        Failure   Level  Hunger
 Corona                   Hex            #......      100%        1    N/A
 Ensorcelled Hibernation  Hex/Ice        #.....       100%        2    N/A
 Confuse                  Hex            #.......     100%        3    N/A
 Dazzling Spray           Conj/Hex       #.....       100%        3    N/A
 Tukima's Dance           Hex            #.......     100%        3    N/A

Dungeon Overview and Level Annotations

Branches:
Dungeon (4/15)
 Temple: D:4-7

Altars:
Xom

Annotations:
D:4 Dowan


Innate Abilities, Weirdness & Mutations

You do not eat or drink.
Your flesh is vulnerable to fire.
You are immune to poison.
Your flesh is cold resistant. (rC+)
You are immune to negative energy. (rN+++)
You are immune to unholy pain and torment.
You can survive without breathing.


Message History

No target in view!
No target in view!
No target in view!
There is an open door here.
There is a shimmering altar of Xom here.
There is an open door here.
There is an open door here.
Done exploring.
No target in view!
Done exploring.
Health restored: 47 No target in view!
No target in view!
No target in view!
No target in view!
No target in view!
No target in view!
No target in view!
No target in view!
No target in view!
No target in view!
No target in view!
No target in view!
Done exploring.
Done exploring.
Done exploring.
(D) Dungeon
Where to? (Enter - D:3, ? - help)
There is an open door here.
You see here a +1 dagger of chaos.
There is an open door here.
Things that are here:
a +0 short sword; a kobold corpse
There is a stone staircase leading down here.
You climb downwards.
There is a stone staircase leading up here.
Found a stone staircase leading down.
q - a scroll labeled FIOMER MOONK Duvessa and Dowan come into view.
Dowan shouts!
Dowan casts a spell at you. You block the puff of flame.
Dowan points at something and mumbles some strange words.
You start waiting.
Duvessa is too close now for your liking.
You hit Duvessa. Lightning courses through Duvessa! Duvessa barely misses you.
You block Duvessa's attack.
Your shield prevents you from hitting Duvessa.
Duvessa hits you with a +0 rapier.
You take 1 damage, and have 46/47 hp.
You closely miss Duvessa. Duvessa hits you but does no damage.
You hit Duvessa. Lightning courses through Duvessa!
You hit Duvessa but do no damage. Duvessa hits you but does no damage.
Your shield and scale mail prevent you from hitting Duvessa.
Duvessa hits you but does no damage.
You closely miss Duvessa.
Duvessa gestures with her weapon.
Duvessa hits you with a +0 rapier. Dowan casts a spell at you.
The puff of frost hits you. You resist.
You take 8 damage, and have 38/47 hp.
You closely miss Duvessa. You block Duvessa's attack.
You hit Duvessa but do no damage. Dowan hits you but does no damage.
Duvessa hits you with a +0 rapier!
You take 10 damage, and have 28/47 hp.
MASSIVE DAMAGE!!
You hit Duvessa. Duvessa hits you with a +0 rapier. You block Dowan's attack.
You take 1 damage, and have 27/47 hp.
You hit Duvessa but do no damage. Lightning courses through Duvessa!!
You kill Duvessa!
Dowan screams, "No!
No!"
Dowan seems to find hidden reserves of power!
You have reached level 7!
Dowan barely misses you.
You regained 3 hp, and now have 30/52 hp.
MP restored: 7 You are too injured to fight recklessly!
You hit Dowan.
Dowan gestures wildly while chanting.
Dowan blinks!
You start resting.
Dowan is too close now for your liking. You block Dowan's attack.
Your shield prevents you from hitting Dowan.
Dowan casts a spell.
Dowan blinks!
Things that are here:
a +0 rapier; a +0 chain mail Unknown command.
Dowan casts a spell at you. The stone arrow hits you!
You take 10 damage, and have 21/52 hp.
Unknown command.
There is a stone staircase leading up here.
Dowan gestures at you while chanting. The shard of ice hits you!
You partially resist.
* * * LOW HITPOINT WARNING * * *
Dowan casts a spell at you. The shard of ice hits you! You partially resist.
You die...

#.......e....#
#.####.#
##.....#
#.#############
#.# #..........
#.###.#########
#.##...##
#.#.###e#####
#..)# #@....#
###.###<###....
##...## ##
##.## #...
#..>.. #.#####
#.# #.#


You could see Dowan.

Vanquished Creatures
  Sigmund (D:2)
  Duvessa (D:4)
  4 crimson imps (D:3)
  An iguana (D:3)
  Terence (D:3)
  4 adders
  2 oozes (D:3)
  3 dart slugs
  A leopard gecko (D:1)
  10 bats
  3 giant cockroaches
  5 goblins
  4 hobgoblins
  10 kobolds
  A quokka (D:3)
  A ball python (D:2)
  6 rats
58 creatures vanquished.

Notes
Turn   | Place    | Note
-------+----------+-------------------------------------------
     0 | D:1      | mhoghedin the Mummy Fighter began the quest for the Orb.
     0 | D:1      | Reached XP level 1. HP: 18/18 MP: 1/1
   287 | D:1      | Reached skill level 2 in Short Blades
   525 | D:1      | Reached XP level 2. HP: 19/24 MP: 2/2
  1478 | D:2      | Noticed Sigmund
  1486 | D:2      | Reached skill level 3 in Short Blades
  1486 | D:2      | Reached XP level 3. HP: 23/29 MP: 3/3
  1497 | D:2      | Killed Sigmund
  1497 | D:2      | Reached skill level 4 in Short Blades
  1497 | D:2      | Reached XP level 4. HP: 22/35 MP: 4/4
  1497 | D:2      | Reached XP level 5. HP: 25/41 MP: 5/5
  2121 | D:3      | Reached skill level 5 in Short Blades
  2192 | D:3      | Noticed Terence
  2201 | D:3      | Killed Terence
  2424 | D:3      | Reached XP level 6. HP: 47/47 MP: 6/6
  2630 | D:3      | Found a shimmering altar of Xom.
  2663 | D:3      | Reached skill level 6 in Short Blades
  2805 | D:4      | Noticed Duvessa
  2805 | D:4      | Noticed Dowan
  2828 | D:4      | Killed Duvessa
  2828 | D:4      | Reached XP level 7. HP: 30/52 MP: 7/7
  2841 | D:4      | HP: 12/52 [Dowan/shard of ice (10)]
  2841 | D:4      | Killed from afar by Dowan

Levels and vault maps discovered:
D:1:      kennysheep_arrival_forest, layout_loops_corners
D:2:      layout_basic, uniq_sigmund
D:3:      layout_basic, led_xom_imps, first_ration, minmay_joined_circles,
          uniq_terence
D:4:      layout_loops_ring, serial_shops, shop, shop, kennysheep_mini,
          nicolae_shop_statue_plus, uniq_grinder, uniq_crazy_yiuf_cottage,
          uniq_duvessa

Skill      XL: |  1  2  3  4  5  6 |
---------------+-------------------+-----
Short Blades   | 2 3 4 5 6 |  6.5
Fighting       | |  3.0
Armour         | |  2.4
Shields        | |  2.4

Action                   |  1- 3 |  4- 6 |  7- 9 || total
-------------------------+-------+-------+-------++-------
Melee: Rapier            |    82 |       |       ||    82
       Dagger            |    34 |   116 |     2 ||   152
  Use: Scroll            |       |     9 |       ||     9
 Stab: Sleeping          |       |     1 |       ||     1
Armor: Scale mail        |    54 |    23 |       ||    77
       Robe              |       |     3 |       ||     3
Dodge: Dodged            |    45 |    25 |     1 ||    71
Block: Shield            |    60 |    42 |     1 ||   103

Table legend:
 A = Non-vault XP
 B = Vault XP
 C = Vault XP percentage of total XP
 D = Non-vault monster count
 E = Vault monster count
 F = Vault count percentage of total count
                 A         B        C        D         E       F
            +---------+---------+-------+---------+---------+-------
      Total |     137 |     647 |  82.5 |      38 |      20 |  34.5
            +---------+---------+-------+---------+---------+-------
        D:1 |      25 |       0 |   0.0 |      13 |       0 |   0.0
        D:2 |      36 |     227 |  86.3 |      13 |       1 |   7.1
        D:3 |      76 |     271 |  78.1 |      12 |      18 |  60.0
        D:4 |       0 |     149 | 100.0 |       0 |       1 | 100.0
            +---------+---------+-------+---------+---------+-------

Levels and vault maps discovered:
D:1:      kennysheep_arrival_forest, layout_loops_corners
D:2:      layout_basic, uniq_sigmund
D:3:      layout_basic, led_xom_imps, first_ration, minmay_joined_circles,
          uniq_terence
D:4:      layout_loops_ring, serial_shops, shop, shop, kennysheep_mini,
          nicolae_shop_statue_plus, uniq_grinder, uniq_crazy_yiuf_cottage,
          uniq_duvessa

Table legend:
 A = Turns spent in this place as a percentage of turns spent in the entire game.
 B = Non-inter-level travel turns spent in this place as a percentage of non-inter-level travel turns spent in the entire game.
 C = Inter-level travel turns spent in this place as a percentage of turns spent in this place.
 D = Turns resting spent in this place as a percentage of non-inter-level travel turns spent in this place.
 E = Turns spent auto-exploring this place as a percentage of non-inter-level travel turns spent in this place.
 F = Non-inter-level travel turns spent in this place divided by the number of levels of this place that you've seen.
                   A       B       C       D       E      F
               +-------+-------+-------+-------+-------+----------------------
         Total | 100.0 | 100.0 |   2.3 |  17.0 |  64.8 | 694.0
       Dungeon | 100.0 | 100.0 |   2.3 |  17.0 |  64.8 | 694.0
               +-------+-------+-------+-------+-------+----------------------

Table legend:
 A = Kills in this place as a percentage of kills in entire the game.
 B = Kills by you in this place as a percentage of kills by you in the entire game.
 C = Kills by friends in this place as a percentage of kills by friends in the entire game.
 D = Other kills in this place as a percentage of other kills in the entire game.
 E = Experience gained in this place as a percentage of experience gained in the entire game.
 F = Experience gained in this place divided by the number of levels of this place that you have seen.
                   A       B       C       D       E      F
               +-------+-------+-------+-------+-------+----------------------
         Total | 100.0 | 100.0 |   N/A |   N/A | 100.0 | 196.0
       Dungeon | 100.0 | 100.0 |   N/A |   N/A | 100.0 | 196.0
               +-------+-------+-------+-------+-------+----------------------
